 Dungeon Crawl Stone Soup version 0.28.0-53-g5a82cb258f (webtiles) character file.

Game seed: 12182870967091649649

249 Revguard the Skirmisher (level 5, -3/41 HPs)
             Began as a Demonspawn Fighter on July 28, 2022.
             Killed by nerve-wracking pain
             ... invoked by Grinder
              (13 damage)
             ... on level 3 of the Dungeon.
             The game lasted 00:04:02 (2660 turns).

Revguard the Skirmisher (Demonspawn Fighter)        Turns: 2660, Time: 00:04:04

Health: -3/41      AC:  6    Str: 16    XL:     5   Next: 87%
Magic:  6/6        EV:  9    Int: 10    God:
Gold:   88         SH:  5    Dex: 14    Spells: 4/4 levels left

rFire   . . .      SeeInvis .   a - +0 long sword
rCold   . . .      Faith    .   c - +0 buckler
rNeg    . . .      Spirit   .   b - +0 scale mail
rPois   .          Reflect  .   (no helmet)
rElec   .          Harm     .   (no cloak)
rCorr   .          Rampage  .   (no gloves)
Will    .....                   (no boots)
Stlth   ..........              (no amulet)
HPRegen 0.13/turn               (no ring)
MPRegen 0.10/turn               (no ring)

@: flying
A: powered by death 1, weakness stinger 2
a: no special abilities


You were on level 3 of the Dungeon.
You visited 1 branch of the dungeon, and saw 3 of its levels.

You collected 88 gold pieces.

Inventory:

Hand Weapons
 a - a +0 long sword (weapon)
Armour
 b - a +0 scale mail (worn)
 c - a +0 buckler (worn)
Scrolls
 d - 4 scrolls of identify {unknown}


   Skills:
 + Level 3.5 Fighting
 * Level 3.3 Long Blades
 + Level 3.2 Armour
 + Level 1.5 Dodging
 + Level 3.2 Shields
 + Level 2.3 Invocations
 + Level 1.6 Evocations


You had 4 spell levels left.
You didn't know any spells.
Your spell library was empty.

Dungeon Overview and Level Annotations

Branches:
Dungeon (3/15)

Altars:
Gozag

Shops:
D:1 :

Annotations:
D:2 1 runed translucent door, Crazy Yiuf
D:3 Grinder


Innate Abilities, Weirdness & Mutations

You regenerate a little health from kills.
You have a tail ending in a sharp stinger.


Message History

You hit the endoplasm.
You kill the endoplasm!
The howler monkey skeleton misses you. The howler monkey skeleton misses you.
You slash the howler monkey skeleton!
You destroy the howler monkey skeleton!
HP restored.
Found a stone staircase leading down.
There is a stone staircase leading down here.
Grinder comes into view.
You see here a scroll labelled VAAXZUETZUCHIM.
d - 4 scrolls labelled VAAXZUETZUCHIM (gained 1) Grinder blinks!
A worm comes into view.
Found a viscous orange potion.
Grinder gestures at you. Pain shoots through your body!
Grinder gestures at you.
You barely resist.
Grinder says, "I used to sell toenails on the black market."
Grinder gestures at you.
You suddenly lose the ability to move!
Grinder gestures at you. You resist with significant effort. Grinder hits you!
Grinder gestures at you. Pain shoots through your body! Grinder hits you.
You writhe in agony.
* * * LOW HITPOINT WARNING * * *
Grinder gestures at you. You resist with significant effort.
You can move again.
Okay, then.
It was a potion of flight.
You feel very buoyant.
You fly up into the air.
Grinder says, "Tell me all your secrets, or I'll kill you."
Grinder gestures at you. Pain shoots through your body!
You die...

#.###.### ......######
...........#
..########..# ## #.# ###
##. .. #.# ..#.. #.# #.#
#... ##..# ..# #..# ...#
..## #@# ...# ...#
#5###..# ...###
##w.....## .....####
####....w...#
......^.####>....#.#...#
#..#.##..##..##.####...#
#..#..##.##.##..# !..#
#..##.##....##.## .....
#...#.....###.. ...##.


You could see Grinder and a worm.

Vanquished Creatures
  Sigmund (D:2)
  A howler monkey skeleton (D:3)
  3 adders (D:2)
  A worm (D:2)
  4 dart slugs (D:1)
  An orc (D:2)
  6 ball pythons
  4 endoplasms
  3 giant cockroaches (D:1)
  5 goblins
  4 hobgoblins
  5 kobolds
  A quokka (D:1)
  4 bats
  3 frilled lizards (D:1)
  7 rats
53 creatures vanquished.

Vanquished Creatures (others)
  A fungus (D:2)
1 creature vanquished.

Grand Total: 54 creatures vanquished

Notes
Turn   | Place    | Note
-------+----------+-------------------------------------------
     0 | D:1      | Revguard the Demonspawn Fighter began the quest for the
                  | Orb.
     0 | D:1      | Reached XP level 1. HP: 18/18 MP: 1/1
    47 | D:1      | Found Geojephu's Book Shop.
   170 | D:1      | Gained mutation: You regenerate a little health from kills.
                  | [demonic ancestry]
   170 | D:1      | Reached XP level 2. HP: 6/24 MP: 2/2
   769 | D:1      | Reached skill level 1 in Invocations
   771 | D:1      | Discovered your monstrous ancestry.
   771 | D:1      | Gained mutation: You have a small tail. [demonic ancestry]
   771 | D:1      | Reached XP level 3. HP: 19/29 MP: 3/3
  1215 | D:2      | Found an opulent altar of Gozag.
  1238 | D:2      | Noticed Sigmund
  1250 | D:2      | Killed Sigmund
  1251 | D:2      | Reached skill level 1 in Dodging
  1251 | D:2      | Reached skill level 1 in Evocations
  1251 | D:2      | Gained mutation: You have a tail ending in a sharp stinger.
                  | [demonic ancestry]
  1251 | D:2      | Reached XP level 4. HP: 3/35 MP: 3/5
  1251 | D:2      | Reached XP level 5. HP: 4/41 MP: 3/6
  2344 | D:2      | Found a runed translucent door.
  2345 | D:2      | Noticed Crazy Yiuf
  2645 | D:3      | Noticed Grinder
  2653 | D:3      | Paralysed by Grinder for 7 turns
  2660 | D:3      | Killed from afar by Grinder

Illustrated notes

Levels and vault maps discovered:
D:1:      lemuel_arrival_funnel, layout_rooms, serial_shops, shop
D:2:      minmay_inner_zag, layout_rooms, basic_altar, uniq_crazy_yiuf_cottage,
          uniq_sigmund
D:3:      layout_rooms, uniq_grinder

Skill      XL: |  1  2  3 |
---------------+----------+-----
Long Blades    | 2 3 |  3.3
Invocations    | 1 2 |  2.3
Armour         | 3 |  3.2
Dodging        | 1 |  1.5
Shields        | 3 |  3.2
Evocations     | 1 |  1.6
Fighting       | |  3.5

Action                   |  1- 3 |  4- 6 || total
-------------------------+-------+-------++-------
Melee: Long sword        |    82 |    70 ||   152
       Tailslap          |     4 |    10 ||    14
  Use: Potion            |     2 |     2 ||     4
Armor: Scale mail        |    46 |    35 ||    81
Dodge: Dodged            |    42 |    41 ||    83
Block: Buckler           |    26 |    15 ||    41
